 Dungeon Crawl Stone Soup version 0.30-a0-219-gf2db51d15e (webtiles) character file.

Game seed: 2487464504240531488

140 Flugkiller the Vexing (level 5, 0/38 HPs)
             Began as a Mummy Hexslinger on Oct 7, 2022.
             Was an Initiate of Makhleb.
             Slain by Grinder (6 damage)
             ... on level 3 of the Dungeon.
             The game lasted 00:03:04 (2254 turns).

Flugkiller the Vexing (Mummy Hexslinger)            Turns: 2254, Time: 00:03:05

Health: 0/38       AC:  8    Str: 14    XL:     5   Next: 2%
Magic:  8/8        EV: 11    Int: 12    God:    Makhleb [......]
Gold:   121        SH:  0    Dex: 14    Spells: 8/9 levels left

rFire   x . .      SeeInvis .    a - +1 sling
rCold   + . .      Faith    +    (no shield)
rNeg    + + +      Spirit   .    f - +3 leather armour
rPois   ∞          Reflect  .    e - +1 helmet
rElec   .          Harm     .    (no cloak)
rCorr   .          Rampage  .    (no gloves)
Will    .....                    (no boots)
Stlth   +.........               (no amulet)
HPRegen 0.26/turn                (no ring)
MPRegen 0.11/turn                (no ring)

@: no status effects
A: cold resistance 1, negative energy resistance 3, torment resistance 2, heat
vulnerability 1, in touch with death 1, no potions, faith
a: Renounce Religion


You were on level 3 of the Dungeon.
You worshipped Makhleb.
Makhleb was noncommittal.
You visited 1 branch of the dungeon, and saw 3 of its levels.

You collected 121 gold pieces.

Inventory:

Hand Weapons
 a - a +1 sling (weapon)
Armour
 e - a +1 helmet (worn)
   (You found it on level 1 of the Dungeon)
 f - a +3 leather armour (worn)
   (You found it on level 3 of the Dungeon)
 l - a +0 buckler
   (You found it on level 2 of the Dungeon)
Jewellery
 m - a ring of fire
   (You found it on level 2 of the Dungeon)
Scrolls
 b - a scroll of poison
 d - a scroll of magic mapping
 i - a scroll of noise {unknown}
 j - a scroll of torment {unknown}
 k - a scroll of fog {unknown}
 r - a scroll of identify
 t - a scroll of teleportation
 z - 2 scrolls of blinking


   Skills:
 + Level 2.1 Fighting
 * Level 2.7 Ranged Weapons
 - Level 1.5 Dodging
 + Level 2.6 Spellcasting
 * Level 3.7 Hexes


You had 8 spell levels left.
You knew the following spells:

 Your Spells              Type           Power      Damage    Failure   Level
a - Slow                  Hex            40%        N/A       7%          1

Your spell library contained the following spells:

 Spells                   Type           Power      Damage    Failure   Level
 Inner Flame              Hex/Fire       6%         N/A       41%         3
 Portal Projectile        Hex/Tloc       12%        N/A       41%         3
 Cause Fear               Hex            5%         N/A       56%         4
 Petrify                  Tmut/Erth      1%         N/A       97%         4
 Irradiate                Conj/Tmut      0%         3d11      100%        5
 Sublimation of Blood     Necr           Unusable   N/A       N/A         2

Dungeon Overview and Level Annotations

Branches:
Dungeon (3/15) Zot: 15663

Altars:
Makhleb

Shops:
D:3 =

Annotations:
D:3 Grinder


Innate Abilities, Weirdness & Mutations

You are immune to poison.
Your flesh is cold resistant. (rC+)
You are immune to negative energy. (rN+++)
You are immune to unholy pain and torment.
You are vulnerable to heat. (rF-)
You are in touch with the powers of death.
You do not drink.
You have a special connection with the divine. (Faith)


Message History

Aiming: Slow (safe; 7% risk of failure)
Press: ? - help, Shift-Dir - straight line, f/p - Grinder
Aim: Grinder (lightly wounded, slow, chance to affect: 49%) Grinder seems to slow down.
Grinder closely misses you.
Fire: a) +1 sling
Press: ? - help, Q - select action, (/) - cycle Shift-Dir - straight line, f/p - Grinder
Aim: Grinder (lightly wounded, slow, 55% to hit)
You shoot a sling bullet. The sling bullet hits Grinder.
Grinder is moderately wounded.
Grinder hits you.
Fire: a) +1 sling
Press: ? - help, Q - select action, (/) - cycle Shift-Dir - straight line, f/p - Grinder
Aim: Grinder (moderately wounded, slow, 55% to hit)
You shoot a sling bullet. The sling bullet hits Grinder!
Grinder is heavily wounded.
Fire: a) +1 sling
Press: ? - help, Q - select action, (/) - cycle Shift-Dir - straight line, f/p - Grinder
Aim: Grinder (heavily wounded, slow, 55% to hit)
You shoot a sling bullet. The sling bullet hits Grinder.
Grinder is heavily wounded.
Grinder hits you but does no damage.
Fire: a) +1 sling
Press: ? - help, Q - select action, (/) - cycle Shift-Dir - straight line, f/p - Grinder
Aim: Grinder (heavily wounded, slow, 55% to hit)
You shoot a sling bullet. The sling bullet hits Grinder.
Grinder is heavily wounded.
Grinder hits you.
Fire: a) +1 sling
Press: ? - help, Q - select action, (/) - cycle Shift-Dir - straight line, f/p - Grinder
Aim: Grinder (heavily wounded, slow, 55% to hit)
You shoot a sling bullet. The sling bullet hits Grinder.
Grinder is severely wounded.
Grinder hits you.
* * * LOW HITPOINT WARNING * * *
Fire: a) +1 sling
Press: ? - help, Q - select action, (/) - cycle Shift-Dir - straight line, f/p - Grinder
Aim: Grinder (severely wounded, slow, 55% to hit)
You shoot a sling bullet. The sling bullet hits Grinder!
Grinder is almost dead.
Grinder barely misses you.
Fire: a) +1 sling
Press: ? - help, Q - select action, (/) - cycle Shift-Dir - straight line, f/p - Grinder
Aim: Grinder (almost dead, slow, 55% to hit)
You shoot a sling bullet.
The sling bullet closely misses Grinder.
Grinder gestures at you. You resist with some effort.
Fire: a) +1 sling
Press: ? - help, Q - select action, (/) - cycle Shift-Dir - straight line, f/p - Grinder
Aim: Grinder (almost dead, slow, 55% to hit)
You shoot a sling bullet.
The sling bullet hits Grinder but does no damage.
Grinder is almost dead.
Grinder hits you.
* * * LOW HITPOINT WARNING * * *
Fire: a) +1 sling
Press: ? - help, Q - select action, (/) - cycle Shift-Dir - straight line, f/p - Grinder
Aim: Grinder (almost dead, slow, 55% to hit)
You shoot a sling bullet.
The sling bullet closely misses Grinder.
Grinder blinks!
Fire: a) +1 sling
Press: ? - help, Q - select action, (/) - cycle Shift-Dir - straight line, f/p - Grinder
Aim: Grinder (almost dead, slow, 55% to hit)
You shoot a sling bullet. The sling bullet barely misses Grinder.
Fire: a) +1 sling
Press: ? - help, Q - select action, (/) - cycle Shift-Dir - straight line, f/p - Grinder
Aim: Grinder (almost dead, slow, 55% to hit)
You shoot a sling bullet. The sling bullet hits Grinder.
Grinder is almost dead.
Fire: a) +1 sling
Press: ? - help, Q - select action, (/) - cycle Shift-Dir - straight line, f/p - Grinder
Aim: Grinder (almost dead, slow, 55% to hit)
You shoot a sling bullet. The sling bullet hits Grinder.
Grinder is almost dead.
Fire: a) +1 sling
Press: ? - help, Q - select action, (/) - cycle Shift-Dir - straight line, f/p - Grinder
Aim: Grinder (almost dead, slow, 55% to hit)
You shoot a sling bullet. The sling bullet hits Grinder.
Grinder is almost dead.
Grinder gestures at you.
You suddenly lose the ability to move!
Grinder is no longer moving slowly.
Grinder hits you but does no damage. Grinder hits you.
* * * LOW HITPOINT WARNING * * *
Grinder gestures at you. You resist with some effort.
You can move again.
Fire: a) +1 sling
Press: ? - help, Q - select action, (/) - cycle Shift-Dir - straight line, f/p - Grinder
Aim: Grinder (almost dead, 55% to hit)
You shoot a sling bullet. The sling bullet barely misses Grinder.
Grinder hits you but does no damage.
Fire: a) +1 sling
Press: ? - help, Q - select action, (/) - cycle Shift-Dir - straight line, f/p - Grinder
Aim: Grinder (almost dead, 55% to hit)
You shoot a sling bullet.
The sling bullet closely misses Grinder.
Grinder hits you.
You die...

##.##.#....##########
..#.
#.##.#..^).........#
#.#...
##....#####..####....
.# .∩. .###### ##.##
. . . .# .######
##..# .##<..# #...#
+# #####.# ###+#.##
#.###. #.....#
#......###......
#.##### #.......@5..#
#.# #....###.#### #.#
####.# #.# ..# #_^..#
#.# ### ####.# #.#
#....# #.# #....# #.#
#....# #.#
##.######.#


You could see Grinder.

Vanquished Creatures
  Terence (D:2)
  4 gnolls
  2 adders
  A worm (D:2)
  4 orcs
  4 bats
  4 endoplasms
  2 giant cockroaches
  2 goblins
  10 hobgoblins
  7 kobolds
  A quokka (D:2)
  3 ball pythons
  2 frilled lizards
  2 rats
49 creatures vanquished.

Notes
Turn   | Place    | Note
-------+----------+-------------------------------------------
     0 | D:1      | Flugkiller the Mummy Hexslinger began the quest for the
                  | Orb.
     0 | D:1      | Reached XP level 1. HP: 15/15 MP: 2/2
   184 | D:1      | Reached XP level 2. HP: 21/21 MP: 4/4
   280 | D:1      | Reached skill level 3 in Hexes
   861 | D:1      | Gained mutation: You are in touch with the powers of death.
                  | [Mummy growth]
   861 | D:1      | Reached XP level 3. HP: 23/26 MP: 3/6
  1293 | D:2      | Reached XP level 4. HP: 33/33 MP: 7/7
  1295 | D:2      | Found a burning altar of Makhleb.
  1319 | D:2      | Became a worshipper of Makhleb the Destroyer
  1621 | D:3      | Noticed Terence
  1811 | D:2      | Killed Terence
  2100 | D:3      | Noticed Grinder
  2105 | D:3      | Paralysed by Grinder for 2 turns
  2110 | D:3      | Found Ejoas's Jewellery Shoppe.
  2117 | D:3      | Reached XP level 5. HP: 38/38 MP: 6/8
  2202 | D:3      | Found a faded altar of an unknown god.
  2248 | D:3      | Paralysed by Grinder for 5 turns
  2254 | D:3      | Slain by Grinder

Illustrated notes

Levels and vault maps discovered:
D:1:      tarquinn_simple_flora_water_e, layout_basic, item_on_display_a
D:2:      layout_basic, basic_altar
D:3:      layout_basic, serial_shops, nicolae_diamond_shop,
          hellmonk_ecumenical_altar_leap_of_faith, uniq_grinder, uniq_terence

Skill      XL: |  1  2  3  4 |
---------------+-------------+-----
Hexes          | 3 |  3.7
Ranged Weapons | 2 |  2.7
Spellcasting   | 2 |  2.6
Fighting       | 2 |  2.1
Dodging        | |  1.5

Action                   |  1- 3 |  4- 6 || total
-------------------------+-------+-------++-------
 Fire: Sling             |   126 |   139 ||   265
 Cast: Slow              |    13 |    27 ||    40
  Use: Scroll            |       |     3 ||     3
Armor: Robe              |    19 |     7 ||    26
       Leather armour    |       |    12 ||    12
Dodge: Dodged            |    38 |    43 ||    81

Table legend: (Time is in decaauts)
 A = Elapsed time spent in this place.
 B = Non-inter-level travel time spent in this place.
 C = Inter-level travel time spent in this place.
 D = Time resting spent in this place.
 E = Time spent auto-exploring this place.
 F = Levels seen in this place.
 G = Mean time per level.
                   A        B        C        D        E       F      G
               +--------+--------+--------+--------+--------+-----+--------+
         Total |   2335 |   2226 |    109 |    221 |   1238 |   3 |  778.3 |
       Dungeon |   2335 |   2226 |    109 |    221 |   1238 |   3 |  778.3 |
               +--------+--------+--------+--------+--------+-----+--------+

Top non-repeatable levels by time:
     D:2: 1024 daAuts
     D:1: 833 daAuts
     D:3: 478 daAuts
